cohdb
Replays
Latest Replays
All Replays
Popular Replays
Top Player Replays
Match Explorer
How It Works
Community
CoH3 Stats
Reddit
Sign in to upload your games and track your stats! →
Sign in with Steam
Match 45620558
Unlisted
Match 45620558
Overview
Messages
Build Orders
End
Construct Section Command Post
Royal Engineer Section
Selects Air and Sea Battlegroup
Dingo Light Scout Car
Infantry Section
Vickers Machine Gun Team
Construct Platoon Command Post
Infantry Section
Humber Armored Car
Selects Commando Section Paradrop
Selects Commando Support Section Paradrop
Selects Supply Surplus
Commando Section Paradrop
Selects UNKNOWN (223837)
Commando Support Section Paradrop
Construct Company Command Post
Foot Guards Section
6-pounder Anti-tank Gun Team
Matilda II Heavy Tank
Selects Assault Flares
Matilda II Heavy Tank
Assault Flares
Selects Anti-tank Rocket Loiter
Foot Guards Section
Assault Flares
Crusader II Medium Tank
MadeManG74
MadMax
0
0
Comments
sign in to comment!
No comments posted yet!